 Dungeon Crawl Stone Soup version 0.22.0 (webtiles) character file.

186 BigChef the Shield-Bearer (level 5, -1/42 HPs)
             Began as a Human Fighter on Aug 28, 2018.
             Slain by an iron imp (8 damage)
             ... summoned by Eustachio
             ... on level 4 of the Dungeon.
             The game lasted 00:06:00 (3684 turns).

BigChef the Shield-Bearer (Human Fighter)           Turns: 3684, Time: 00:06:01

Health: -1/42      AC:  8    Str: 16 (17) XL:     5   Next: 97%
Magic:  14/14      EV:  6    Int:  7 (8)  God:
Gold:   122        SH:  9    Dex: 12 (13) Spells: 4/4 levels left

rFire    . . .     SeeInvis .   a - +1 long sword
rCold    + . .     Gourm    .   c - +1 shield
rNeg     . . .     Faith    .   b - +0 scale mail
rPois    .         Spirit   .   (no helmet)
rElec    .         Reflect  .   (no cloak)
rCorr    .         Harm     .   (no gloves)
MR       .....                  (no boots)
Stlth    ..........             (no amulet)
HPRegen  0.14/turn              e - ring of magical power
MPRegen  0.14/turn              (no ring)

@: heavily drained
A: thin metallic scales 1, cold resistance 1, mutation resistance 1
a: no special abilities


You were on level 4 of the Dungeon.
You were not hungry.

You visited 1 branch of the dungeon, and saw 4 of its levels.

You collected 122 gold pieces.

Inventory:

Hand Weapons
 a - a +1 long sword (weapon)
Armour
 b - a +0 scale mail (worn)
 c - a +1 shield (worn)
Jewellery
 e - a ring of magical power (left hand)
Scrolls
 g - a scroll of identify
 j - 2 scrolls of amnesia
 k - a scroll of random uselessness
 l - a scroll of remove curse
 p - a scroll of enchant weapon
 r - a scroll of teleportation
Potions
 d - a potion of might
 h - a potion of heal wounds
 m - 2 potions of lignification
 q - a potion of curing
Comestibles
 f - 4 rations


   Skills:
 + Level 3.6(2.4) Fighting
 + Level 3.4(2.1) Long Blades
 + Level 3.8(2.5) Armour
 + Level 1.0(0.0) Dodging
 + Level 4.1(2.8) Shields


You had 4 spell levels left.
You didn't know any spells.
Your spell library was empty.

Dungeon Overview and Level Annotations

Branches:
Dungeon (4/15)
 Temple: D:4-7

Altars:
Nemelex Xobeh

Annotations:
D:4 Eustachio


Innate Abilities, Weirdness & Mutations

You are partially covered in thin metallic scales. (AC +2)
Your flesh is cold resistant. (rC+)
You are somewhat resistant to further mutation.


Message History

The bat barely misses you. The ufetubus hits you.
The ufetubus hits you but does no damage.
You block the iron imp's attack. The river rat bites you.
The bat hits you but does no damage. You block Eustachio's attack.
The quokka bites you but does no damage.
The ufetubus hits you but does no damage.
The ufetubus barely misses you. The iron imp completely misses you.
You hit Eustachio.
Eustachio is heavily wounded.
You block the bat's attack. You block the ufetubus's attack.
The ufetubus hits you.
The river rat bites you but does no damage.
You block the quokka's attack.
Eustachio hits you with a rapier of draining.
You feel drained. The ufetubus hits you.
* * * LOW HITPOINT WARNING * * *
The ufetubus closely misses you. The river rat bites you.
* * * LOW HITPOINT WARNING * * *
The quokka barely misses you. The iron imp hits you!
You die...

#+# ......
......#######
............#
............#
.........<..#
.....?...b.#
####..5r...#
#.br@@..#
#..5....#
##..[....#
#....#####
#....# #
#....#
#...#....#
#......#####
######<....#


You could see Eustachio, an iron imp, a river rat, an ufetubus, a quokka and 2
bats.

Vanquished Creatures
  An orc wizard (D:3)
  6 adders
  An ooze (D:2)
  An adder zombie (D:3)
  3 worms (D:2)
  A dart slug (D:1)
  7 orcs (D:3)
  2 bats (D:1)
  7 giant cockroaches
  10 goblins
  6 hobgoblins
  7 jackals
  15 kobolds
  A quokka (D:3)
  4 frilled lizards
  3 rats
75 creatures vanquished.

Notes
Turn   | Place    | Note
-------+----------+-------------------------------------------
     0 | D:1      | BigChef the Human Fighter began the quest for the Orb.
     0 | D:1      | Reached XP level 1. HP: 18/18 MP: 1/1
    60 | D:1      | Reached XP level 2. HP: 24/24 MP: 2/2
   234 | D:1      | Reached XP level 3. HP: 24/29 MP: 3/3
   985 | D:2      | Gained mutation: You are partially covered in thin metallic scales. (AC +2) [potion of mutation]
   985 | D:2      | Gained mutation: You are somewhat resistant to further mutation. [potion of mutation]
   985 | D:2      | Gained mutation: Your flesh is cold resistant. (rC+) [potion of mutation]
  1185 | D:2      | Reached XP level 4. HP: 35/35 MP: 4/4
  1976 | D:2      | Reached XP level 5. HP: 38/41 MP: 5/5
  2637 | D:3      | Reached skill level 1 in Dodging
  2637 | D:3      | Reached skill level 4 in Shields
  2850 | D:3      | Found a sparkling altar of Nemelex Xobeh.
  3025 | D:3      | Found a faded altar of an unknown god.
  3535 | D:4      | Noticed Eustachio
  3684 | D:4      | Slain by an iron imp

Skill      XL: |  1  2  3  4  5 |
---------------+----------------+-----
Long Blades    | 3 |  3.4
Dodging        | 1 |  1.0
Shields        | 4 |  4.1
Fighting       | |  3.6
Armour         | |  3.8

Action                   |  1- 3 |  4- 6 || total
-------------------------+-------+-------++-------
Melee: Long sword        |   136 |   185 ||   321
  Use: Scroll            |     3 |     8 ||    11
       Potion            |     1 |     6 ||     7
  Eat: Chunk             |       |     5 ||     5
       Ration            |       |     2 ||     2
Armor: Scale mail        |    61 |    96 ||   157
Dodge: Dodged            |    44 |    41 ||    85
Block: Shield            |    88 |   109 ||   197
       Rpst.: Long sword |    15 |     9 ||    24
